 Dungeon Crawl Stone Soup version 0.30-a0-630-g881e3bac89 (webtiles) character file.

Game seed: 929863456065280536

558 PigKeeper the Conjurer (level 7, 0/40 HPs)
             Began as a Tengu Reaver on Jan 13, 2023.
             Was a Follower of Uskayaw.
             Succumbed to a scorpion's poison
             ... on level 5 of the Dungeon.
             The game lasted 00:23:58 (4208 turns).

PigKeeper the Conjurer (Tengu Reaver)               Turns: 4208, Time: 00:23:59

Health: 0/40       AC:  5    Str: 13    XL:     7   Next: 31%
Magic:  6/12       EV: 18    Int: 13    God:    Uskayaw [*.....]
Gold:   296        SH:  5    Dex: 14    Spells: 6/12 levels left

rFire   + . .      SeeInvis .    a - +2 short sword (speed)
rCold   . . .      Faith    .    o - +0 buckler
rNeg    . . .      Spirit   .    z - +1 leather armour {rF+}
rPois   .          Reflect  .    q - +1 hat
rElec   .          Harm     .    (no cloak)
rCorr   .          Rampage  .    (no gloves)
Will    .....                    (boots unavailable)
Stlth   +                        (no amulet)
HPRegen 0.26/turn                E - +5 ring of evasion
MPRegen 0.13/turn                (no ring)

@: mighty, lethally poisoned (0 -> -6), flying quickly and evasively, quick
A: beak, talons 3, nimble flight
a: Renounce Religion, Stomp


You were on level 5 of the Dungeon.
You worshipped Uskayaw.
Uskayaw was noncommittal.
You visited 2 branches of the dungeon, and saw 6 of its levels.

You collected 296 gold pieces.


Innate Abilities, Weirdness & Mutations

You have a beak for a mouth.
You have claws for feet.
Your magical nature lets you fly swiftly and evasively.


   Skills:
 - Level 2.0 Fighting
 + Level 3.1(3.8) Short Blades
 - Level 3.2(3.9) Long Blades
 - Level 2.1 Dodging
 + Level 1.1 Stealth
 + Level 3.7 Shields
 + Level 3.0 Spellcasting
 + Level 7.2 Conjurations
 - Level 1.0 Ice Magic


You had 6 spell levels left.
You knew the following spells:

 Your Spells              Type           Power      Damage    Failure   Level
g - Kiss of Death         Conj/Necr      44%        2d8       9%          1
h - Hailstorm             Conj/Ice       12%        3d5       22%         3
j - Momentum Strike       Conj/Tloc      22%        3d8       13%         2

Your spell library contained the following spells:

 Spells                   Type           Power      Damage    Failure   Level
 Sublimation of Blood     Necr           1%         N/A       50%         2
 Wereblood                Tmut           1%         N/A       50%         2
 Summon Hydra             Summ           0%         N/A       100%        7

Inventory:

Hand Weapons
 a - a +2 short sword of speed (weapon)
   (You took it off a kobold on level 1 of the Dungeon)
 b - a +0 sling
   (You found it on level 2 of the Dungeon)
 e - a +0 falchion
Missiles
 c - 34 stones (quivered)
 j - 5 poisoned darts
Armour
 o - a +0 buckler (worn)
   (You found it on level 2 of the Dungeon)
 q - a +1 hat (worn)
   (You found it on level 2 of the Dungeon)
 s - an orb of guile
   (You found it on level 3 of the Dungeon)
 z - a +1 leather armour of fire resistance (worn)
   (You took it off an orc priest on level 4 of the Dungeon)
Jewellery
 E - a +5 ring of evasion (left hand)
   (You found it on level 4 of the Dungeon)
Wands
 r - a wand of roots (8)
   (You found it on level 4 of the Dungeon)
 v - a wand of digging (9)
   (You found it on level 4 of the Dungeon)
 y - a wand of acid (2)
   (You found it on level 4 of the Dungeon)
Scrolls
 f - 4 scrolls of noise {unknown}
 h - 2 scrolls of blinking {unknown}
 l - 3 scrolls of enchant armour {unknown}
 m - 3 scrolls of identify {unknown}
 p - a scroll of immolation {unknown}
 x - a scroll of summoning {unknown}
Potions
 d - a potion of might
 g - 2 potions of flight {unknown}
 k - a potion of degeneration {unknown}
 n - 2 potions of haste {unknown}
 t - 2 potions of mutation {unknown}
 u - a potion of heal wounds {unknown}
 w - a potion of lignification {unknown}

Dungeon Overview and Level Annotations

Branches:
Dungeon (5/15)             Temple (1/1) D:4

Altars:
Ashenzari
Fedhas
Kikubaaqudgha
Nemelex Xobeh
Okawaru
Qazlal
Ru
Uskayaw
Vehumet
Xom
Yredelemnul
Zin

Shops:
D:5

[ ####### ..
....>.. .
.......#.
.........
.)......#
........###
...∩......#
.......@#.#
######....#
#....#
####.#
#.####
##....#
#...#.#
######...#.#
#........'.#


There were no monsters in sight!


Message History

You lost 4 mp, and now have 6/12 mp.
You hit the scorpion but do no damage. You hit the scorpion but do no damage.
You claw the scorpion. Your peck misses the scorpion. You hit the scorpion.
You kill the scorpion!
Found a stone staircase leading down. 😎 MP[+6]
Your mp is fully restored (12).
You now have 296 gold pieces (gained 13).
You reach down and open the door.
There is an open door here.
Found Jeok's Antique Armour Shop.
A white imp comes into view.
Found a sling.
Found an escape hatch in the floor.
The white imp closely misses you.
You hit the white imp. You claw the white imp.
A scorpion comes into view.
You hit the white imp but do no damage.
You claw the white imp, but do no damage.
The white imp gestures at you. The puff of frost hits you! 😕 HP[-8]
You take 8 damage, and now have 32/40 hp.
The white imp gestures at you. The puff of frost hits you! 😮 HP[-8]
You take 8 damage, and now have 24/40 hp.
You hit the scorpion but do no damage. Your kick misses the scorpion.
Your peck misses the scorpion.
You block the scorpion's attack. 😮 HP[+1]
You closely miss the scorpion. You hit the scorpion but do no damage.
You claw the scorpion. You block the scorpion's attack.
You closely miss the scorpion.
You claw the scorpion, but do no damage.
You block the scorpion's attack. The white imp gestures at you.
The puff of frost hits you.
* * * LOW HITPOINT WARNING * * *
😨 HP[-6]
You take 6 damage, and now have 19/40 hp.
The scorpion attacks as you move away! The scorpion stings you!
* * * LOW HITPOINT WARNING * * *
You block the white imp's attack. 😨 HP[-6]
You take 6 damage, and now have 13/40 hp.
You hit the white imp but do no damage. Your peck misses the white imp.
You hit the white imp but do no damage. You block the scorpion's attack.
The white imp gestures at you. The puff of frost hits you!
* * * LOW HITPOINT WARNING * * *
😱 HP[-8]
You take 8 damage, and now have 5/40 hp.
You hit the white imp. Your kick misses the white imp.
You peck the white imp, but do no damage.
The scorpion barely misses you.
You feel better. The white imp barely misses you.
The scorpion misses you. 😨 HP[+8]
You regained 8 hp, and now have 13/40 hp.
You closely miss the white imp.
You peck the white imp, but do no damage.
The white imp gestures at you. The puff of frost misses you.
The scorpion stings you.
* * * LOW HITPOINT WARNING * * *
You are lethally poisoned!
The scorpion poisons you! 😱 HP[-5]
You take 5 damage, and now have 8/40 hp.
You stomp with the beat, sending a shockwave through the revellers around you!
You kill the white imp!
You can no longer stomp with the beat.
* * * LOW HITPOINT WARNING * * *
You feel very sick. The scorpion closely misses you.
You can now stomp with the beat. 😱 HP[-2] MP[-3]
You take 2 damage, and now have 6/40 hp.
You lost 3 mp, and now have 9/12 mp.
You stomp with the beat, sending a shockwave through the revellers around you!
You can no longer stomp with the beat.
* * * LOW HITPOINT WARNING * * *
You feel very sick.
The scorpion closely misses you. 😱 HP[-3] MP[-3]
You take 3 damage, and now have 3/40 hp.
You lost 3 mp, and now have 6/12 mp.
You hit the scorpion but do no damage. You claw the scorpion.
You kill the scorpion!
* * * LOW HITPOINT WARNING * * *
You feel sick.
You can now stomp with the beat.
Your Short Blades skill increases to level 3!
Your Stealth skill increases to level 1!
Your Spellcasting skill increases to level 3! 😱 HP[-1]
You take 1 damage, and now have 2/40 hp.
It was a potion of might.
You feel very mighty all of a sudden.
You die...

Skill      XL: |  1  2  3  4  5  6  7 |
---------------+----------------------+-----
Conjurations   | 5 6 7 |  7.2
Short Blades   | 1 2 3 |  3.1
Shields        | 2 3 |  3.7
Ice Magic      | 1 |  1.0
Stealth        | 1 |  1.1
Spellcasting   | 3 |  3.0
Fighting       | |  2.0
Long Blades    | |  3.2
Dodging        | |  2.1

Action                   |  1- 3 |  4- 6 |  7- 9 || total
-------------------------+-------+-------+-------++-------
Melee: Falchion          |    30 |       |       ||    30
       Kick              |    17 |    33 |     7 ||    57
       Peck              |     9 |    24 |     2 ||    35
       Short sword       |    65 |   125 |    16 ||   206
 Fire: Sling             |       |    59 |       ||    59
Throw: Stone             |     6 |     2 |       ||     8
 Cast: Kiss of Death     |     1 |     2 |       ||     3
       Momentum Strike   |       |     2 |     1 ||     3
       Hailstorm         |       |     1 |       ||     1
Invok: Line Pass         |       |     1 |     1 ||     2
       Stomp             |       |       |     2 ||     2
Evoke: Wand              |       |     2 |       ||     2
  Use: Potion            |       |       |     2 ||     2
 Stab: Sleeping          |     1 |       |       ||     1
Armor: Leather armour    |    16 |     8 |     1 ||    25
Dodge: Dodged            |    30 |    46 |     9 ||    85
Block: Buckler           |       |    15 |     5 ||    20

Levels and vault maps discovered:
D:1:      wheals_arrival_linesprint, layout_basic
D:2:      layout_basic
D:3:      layout_loops_ring, mainiacjoe_overflow_boulevard
D:4:      layout_gridville, lemuel_round_altar, minmay_temple_entry_arrows
D:5:      layout_basic, vehumet_crystals, serial_shops, shop,
          water_boxes_lemuel, uniq_grinder
Temple:   nicolae_temple_ecumenical_triangle

Notes
Turn   | Place    | Note
-------+----------+-------------------------------------------
     0 | D:1      | PigKeeper the Tengu Reaver began the quest for the Orb.
     0 | D:1      | Reached XP level 1. HP: 12/12 MP: 4/4
    94 | D:1      | Reached XP level 2. HP: 15/17 MP: 6/6
   171 | D:1      | Reached skill level 5 in Conjurations
   172 | D:1      | HP: 2/17 [frozen (4)]
   393 | D:1      | Reached skill level 1 in Short Blades
   396 | D:1      | Reached XP level 3. HP: 21/21 MP: 7/7
   410 | D:1      | You pick up a book of Blood and begin reading...
   410 | D:1      | You add the spells Sublimation of Blood, Wereblood and
                  | Summon Hydra to your library.
  1245 | D:2      | Reached skill level 2 in Short Blades
  1295 | D:2      | Reached XP level 4. HP: 13/23 MP: 6/8
  1419 | D:2      | Learned a level 2 spell: Momentum Strike
  1423 | D:2      | Learned a level 3 spell: Hailstorm
  1582 | D:2      | Reached skill level 6 in Conjurations
  1896 | D:2      | Noticed an ogre
  2101 | D:2      | Gained mutation: Your magical nature lets you fly swiftly
                  | and evasively. [Tengu growth]
  2101 | D:2      | Reached XP level 5. HP: 30/30 MP: 9/9
  2268 | D:3      | Reached skill level 1 in Shields
  2560 | D:3      | Found a sparkling altar of Nemelex Xobeh.
  3141 | D:4      | Reached skill level 2 in Shields
  3421 | D:4      | Reached skill level 1 in Ice Magic
  3421 | D:4      | Reached XP level 6. HP: 10/32 MP: 8/10
  3584 | D:4      | Found a staircase to the Ecumenical Temple.
  3605 | D:4      | HP: 6/27 [centaur/arrow (11)]
  3611 | D:4      | Reached skill level 3 in Shields
  3637 | Temple   | Entered the Ecumenical Temple
  3671 | Temple   | Became a worshipper of Uskayaw the Reveller
  3710 | D:4      | Reached * piety under Uskayaw
  3875 | D:4      | Found a blossoming altar of Fedhas.
  3992 | D:5      | Entered Level 5 of the Dungeon
  4004 | D:5      | Reached ** piety under Uskayaw
  4009 | D:5      | Reached skill level 7 in Conjurations
  4009 | D:5      | Reached XP level 7. HP: 28/40 MP: 7/12
  4059 | D:5      | Found a radiant altar of Vehumet.
  4185 | D:5      | Found Jeok's Antique Armour Shop.
  4201 | D:5      | HP: 5/40 [white imp/puff of frost (8)]
  4206 | D:5      | HP: 3/40 [poisoned by a scorpion]
  4208 | D:5      | Reached skill level 3 in Short Blades
  4208 | D:5      | Reached skill level 1 in Stealth
  4208 | D:5      | Reached skill level 3 in Spellcasting
  4208 | D:5      | Succumbed to a scorpion's poison

Vanquished Creatures
  A centaur (D:4)
  A necrophage (D:4)
  2 scorpions (D:5)
  A hound (D:4)
  A jelly (D:5)
  2 orc priests (D:4)
  4 gnolls (D:2)
  3 adders
  A white imp (D:5)
  A worm (D:2)
  2 dart slugs
  10 orcs
  6 bats
  7 endoplasms
  6 giant cockroaches
  10 goblins
  4 hobgoblins
  8 kobolds
  7 quokkas
  12 ball pythons
  3 frilled lizards (D:1)
  6 rats
98 creatures vanquished.

Vanquished Creatures (others)
  6 fungi
6 creatures vanquished.

Grand Total: 104 creatures vanquished

Table legend:
 A = Non-vault XP
 B = Vault XP
 C = Vault XP percentage of total XP
 D = Non-vault monster count
 E = Vault monster count
 F = Vault count percentage of total count
                 A         B        C        D         E       F
            +---------+---------+-------+---------+---------+-------
      Total |     798 |       0 |   0.0 |      98 |       0 |   0.0
            +---------+---------+-------+---------+---------+-------
        D:1 |      53 |       0 |   0.0 |      32 |       0 |   0.0
        D:2 |     119 |       0 |   0.0 |      24 |       0 |   0.0
        D:3 |      29 |       0 |   0.0 |      14 |       0 |   0.0
        D:4 |     377 |       0 |   0.0 |      21 |       0 |   0.0
        D:5 |     220 |       0 |   0.0 |       7 |       0 |   0.0
            +---------+---------+-------+---------+---------+-------

Illustrated notes

Table legend:
 A = Kills in this place as a percentage of kills in entire the game.
 B = Kills by you in this place as a percentage of kills by you in the entire game.
 C = Kills by friends in this place as a percentage of kills by friends in the entire game.
 D = Other kills in this place as a percentage of other kills in the entire game.
 E = Experience gained in this place as a percentage of experience gained in the entire game.
 F = Experience gained in this place divided by the number of levels of this place that you have seen.
                   A       B       C       D       E      F
               +-------+-------+-------+-------+-------+----------------------
         Total | 100.0 | 100.0 |   N/A |   N/A | 100.0 | 133.0
       Dungeon | 100.0 | 100.0 |   N/A |   N/A | 100.0 | 159.6
               +-------+-------+-------+-------+-------+----------------------

Table legend: (Time is in decaauts)
 A = Elapsed time spent in this place.
 B = Non-inter-level travel time spent in this place.
 C = Inter-level travel time spent in this place.
 D = Time resting spent in this place.
 E = Time spent auto-exploring this place.
 F = Levels seen in this place.
 G = Mean time per level.
                   A        B        C        D        E       F      G
               +--------+--------+--------+--------+--------+-----+--------+
         Total |   3972 |   3844 |    128 |     80 |   2877 |   6 |  662.0 |
       Dungeon |   3912 |   3784 |    128 |     56 |   2877 |   5 |  782.4 |
        Temple |     60 |     60 |      0 |     24 |      0 |   1 |   60.0 |
               +--------+--------+--------+--------+--------+-----+--------+

Top non-repeatable levels by time:
     D:1: 1142 daAuts
     D:2: 1044 daAuts
     D:4: 887 daAuts
     D:3: 644 daAuts
     D:5: 193 daAuts
  Temple: 60 daAuts
